 Dungeon Crawl Stone Soup version 0.28.0-43-g3370ac3207 (webtiles) character file.

Game seed: 8192325273598138744

207 Ablot the Grasshopper (level 5, -5/43 HPs)
             Began as a Gnoll Warper on Mar 14, 2022.
             Slain by Crazy Yiuf
             ... wielding a +4 quarterstaff of chaos
              (9 damage)
             ... on level 3 of the Dungeon.
             The game lasted 00:03:22 (3838 turns).

Ablot the Grasshopper (Gnoll Warper)                Turns: 3838, Time: 00:03:22

Health: -5/43      AC:  4    Str: 12    XL:     5   Next: 85%
Magic:  10/12      EV: 13    Int: 12    God:
Gold:   85         SH:  0    Dex: 12    Spells: 12/14 levels left

rFire   . . .      SeeInvis .   a - +0 spear
rCold   . . .      Faith    .   (no shield)
rNeg    . . .      Spirit   .   b - +0 leather armour
rPois   .          Reflect  .   (no helmet)
rElec   .          Harm     .   h - +0 cloak
rCorr   .          Rampage  .   (no gloves)
Will    .....                   (no boots)
Stlth   ++........              (no amulet)
HPRegen 0.14/turn               (no ring)
MPRegen 0.13/turn               (no ring)

@: on blink cooldown, hasted, very quick
A: fangs 1, strong nose, distributed training
a: no special abilities


You were on level 3 of the Dungeon.
You visited 1 branch of the dungeon, and saw 3 of its levels.

You collected 85 gold pieces.

Inventory:

Hand Weapons
 a - a +0 spear (weapon)
Missiles
 d - 5 boomerangs of dispersal
 e - 113 stones
 l - 10 arrows
 n - a javelin (quivered)
 q - 21 bolts
Armour
 b - a +0 leather armour (worn)
 h - a +0 cloak (worn)
Scrolls
 c - a scroll of blinking
 f - a scroll of magic mapping {unknown}
 j - a scroll of fog {unknown}
 p - a scroll of vulnerability {unknown}
 r - a scroll of identify {unknown}
 s - a scroll of teleportation {unknown}
Potions
 g - a potion of berserk rage {unknown}
 i - a potion of brilliance {unknown}
 k - a potion of might {unknown}
 m - a potion of mutation {unknown}
 o - 2 potions of resistance {unknown}


   Skills:
 + Level 4.8 Fighting
 + Level 1.6 Short Blades
 + Level 1.6 Long Blades
 + Level 1.6 Axes
 + Level 1.6 Maces & Flails
 + Level 4.8 Polearms
 + Level 1.6 Staves
 + Level 1.6 Slings
 + Level 1.6 Bows
 + Level 1.6 Crossbows
 + Level 3.1 Throwing
 + Level 3.1 Armour
 + Level 4.8 Dodging
 + Level 1.6 Stealth
 + Level 1.6 Shields
 + Level 1.6 Unarmed Combat
 + Level 5.2 Spellcasting
 + Level 1.3 Conjurations
 + Level 1.3 Hexes
 + Level 1.3 Summonings
 + Level 1.3 Necromancy
 + Level 5.6 Translocations
 + Level 1.3 Transmutations
 + Level 1.3 Fire Magic
 + Level 1.3 Ice Magic
 + Level 1.3 Air Magic
 + Level 1.3 Earth Magic
 + Level 1.3 Poison Magic
 + Level 1.9 Invocations
 + Level 1.6 Evocations


You had 12 spell levels left.
You knew the following spells:

 Your Spells              Type           Power      Damage    Failure   Level
a - Blink                 Tloc           32%        N/A       3%          2

Your spell library contained the following spells:

 Spells                   Type           Power      Damage    Failure   Level
 Gell's Gravitas          Tloc           16%        N/A       8%          3
 Lesser Beckoning         Tloc           16%        N/A       8%          3
 Teleport Other           Tloc           16%        N/A       8%          3
 Manifold Assault         Tloc           16%        N/A       56%         5
 Animate Armour           Summ/Erth      12%        N/A       82%         4
 Blade Hands              Tmut           3%         N/A       99%         5
 Iron Shot                Conj/Erth      3%         9d2       100%        6


Dungeon Overview and Level Annotations

Branches:
Dungeon (3/15)

Altars:
Xom

Annotations:
D:3 Crazy Yiuf


Innate Abilities, Weirdness & Mutations

You have very sharp teeth.
Your uncanny sense of smell can sniff out nearby items.
Your experience applies equally to all skills.


Message History

Aim: Crazy Yiuf, wielding a +4 quarterstaff of chaos and wearing a +1 cloak (64% to hit)
You throw a poisoned dart. The poisoned dart hits Crazy Yiuf.
Crazy Yiuf is poisoned.
Crazy Yiuf says, "Crazy?
Crazy!?
PORCUPINE!"
Crazy Yiuf drinks a potion.
Crazy Yiuf seems to speed up.
You hit Crazy Yiuf. Your bite misses Crazy Yiuf.
Crazy Yiuf is moderately wounded.
Crazy Yiuf barely misses you.
Crazy Yiuf hits you with a +4 quarterstaff of chaos!
Crazy Yiuf draws strength from your wounds!
You hit Crazy Yiuf.
Crazy Yiuf is lightly wounded.
Crazy Yiuf cries, "Powder broken illywillydillykilly!"
Crazy Yiuf hits you with a +4 quarterstaff of chaos!
Crazy Yiuf burns you.
You hit Crazy Yiuf but do no damage. You bite Crazy Yiuf, but do no damage.
Crazy Yiuf is lightly wounded.
Crazy Yiuf looks more healthy.
Crazy Yiuf hits you with a +4 quarterstaff of chaos!
* * * LOW HITPOINT WARNING * * *
You feel yourself speed up.
Unknown command.
You barely miss Crazy Yiuf.
Crazy Yiuf is moderately wounded.
Crazy Yiuf grits, "Citrus King fast!"
Crazy Yiuf hits you with a +4 quarterstaff of chaos.
* * * LOW HITPOINT WARNING * * *
Crazy Yiuf burns you.
* * * LOW HITPOINT WARNING * * *
Casting: Blink (safe; 3% risk of failure)
Confirm with . or Enter, or press ? or * to list all spells.
You blink.
Throw: 2 javelins
Press: ? - help, Q - select action, (/) - cycle Shift-Dir - straight line, f/p - Crazy Yiuf
Aim: Crazy Yiuf, wielding a +4 quarterstaff of chaos and wearing a +1 cloak (translocational energy, moderately wounded, fast, 64% to hit)
You throw a javelin. The javelin pierces through Crazy Yiuf.
Crazy Yiuf is moderately wounded.
Crazy Yiuf says, "Defame!"
Crazy Yiuf hits you with a +4 quarterstaff of chaos!
You die...

##.# #####
#.## ##.#
#.##
#########
##(##
#........
#..P##
#.#######
#....#
###'##.....
##.g##
#..†.....##
####..@.###
#..........
∆#.........#
#.........#
#.........#
#.........#
.'.........#
#.........#
..#.........#
#.........# .
#.........#
#.........#
########'##
#........##
#.#
#........#
#.#
#######'##


You could see Crazy Yiuf (fast).

Vanquished Creatures
  A hound (D:3)
  Natasha (twice) (D:3)
  5 adders
  2 worms (D:3)
  5 ball pythons
  10 bats
  6 endoplasms
  6 giant cockroaches
  6 goblins
  8 hobgoblins
  5 jackals
  8 kobolds
  A quokka (D:1)
  5 frilled lizards
  4 rats
74 creatures vanquished.

Vanquished Creatures (others)
  2 fungi
2 creatures vanquished.

Grand Total: 76 creatures vanquished

Notes
Turn   | Place    | Note
-------+----------+-------------------------------------------
     0 | D:1      | Ablot the Gnoll Warper began the quest for the Orb.
     0 | D:1      | Reached XP level 1. HP: 20/20 MP: 6/6
   217 | D:1      | Reached XP level 2. HP: 24/26 MP: 7/7
   220 | D:1      | Learned a level 2 spell: Blink
   403 | D:1      | You fall into a shaft and drop 1 floor!
   443 | D:2      | Reached XP level 3. HP: 19/31 MP: 9/9
   573 | D:2      | Reached skill level 5 in Spellcasting
   574 | D:2      | Identified the +1 leather armour "Kaoqal Lawol" {Rampage
                  | +Blink Dex-4}
   712 | D:1      | Reached skill level 1 in Invocations
  1004 | D:1      | Reached skill level 1 in Short Blades
  1004 | D:1      | Reached skill level 1 in Long Blades
  1004 | D:1      | Reached skill level 1 in Axes
  1004 | D:1      | Reached skill level 1 in Maces & Flails
  1004 | D:1      | Reached skill level 1 in Staves
  1004 | D:1      | Reached skill level 1 in Slings
  1004 | D:1      | Reached skill level 1 in Bows
  1004 | D:1      | Reached skill level 1 in Crossbows
  1004 | D:1      | Reached skill level 1 in Stealth
  1004 | D:1      | Reached skill level 1 in Shields
  1004 | D:1      | Reached skill level 1 in Unarmed Combat
  1004 | D:1      | Reached skill level 1 in Evocations
  1336 | D:1      | Reached XP level 4. HP: 38/38 MP: 11/11
  1946 | D:2      | Found a faded altar of an unknown god.
  2088 | D:2      | Reached skill level 1 in Conjurations
  2088 | D:2      | Reached skill level 1 in Hexes
  2088 | D:2      | Reached skill level 1 in Summonings
  2088 | D:2      | Reached skill level 1 in Necromancy
  2088 | D:2      | Reached skill level 1 in Transmutations
  2088 | D:2      | Reached skill level 1 in Fire Magic
  2088 | D:2      | Reached skill level 1 in Ice Magic
  2088 | D:2      | Reached skill level 1 in Air Magic
  2088 | D:2      | Reached skill level 1 in Earth Magic
  2088 | D:2      | Reached skill level 1 in Poison Magic
  2542 | D:3      | Reached XP level 5. HP: 37/43 MP: 12/12
  2662 | D:3      | Noticed Natasha
  2676 | D:3      | Killed Natasha
  3196 | D:3      | Found a shimmering altar of Xom.
  3238 | D:3      | Noticed Natasha
  3253 | D:3      | Killed Natasha
  3820 | D:3      | Found a runed translucent door.
  3821 | D:3      | Noticed Crazy Yiuf
  3838 | D:3      | Slain by Crazy Yiuf

Illustrated notes

Levels and vault maps discovered:
D:1:      dpeg_arrival_rooms_a, layout_basic, palyth_stone_intersect,
          minmay_domino_4
D:2:      layout_basic, shapermc_ecumenical_altar_hornbeckon, st_stairs_7,
          serial_bayou_pond_d
D:3:      minmay_evil_eye, layout_basic, mainiacjoe_overflow_catwalk,
          uniq_natasha, uniq_crazy_yiuf_cottage

Skill      XL: |  1  2  3  4  5 |
---------------+----------------+-----
Spellcasting   | 5 |  5.2
Invocations    | 1 |  1.9
Short Blades   | 1 |  1.6
Long Blades    | 1 |  1.6
Axes           | 1 |  1.6
Maces & Flails | 1 |  1.6
Staves         | 1 |  1.6
Slings         | 1 |  1.6
Bows           | 1 |  1.6
Crossbows      | 1 |  1.6
Stealth        | 1 |  1.6
Shields        | 1 |  1.6
Unarmed Combat | 1 |  1.6
Evocations     | 1 |  1.6
Conjurations   | 1 |  1.3
Hexes          | 1 |  1.3
Summonings     | 1 |  1.3
Necromancy     | 1 |  1.3
Transmutations | 1 |  1.3
Fire Magic     | 1 |  1.3
Ice Magic      | 1 |  1.3
Air Magic      | 1 |  1.3
Earth Magic    | 1 |  1.3
Poison Magic   | 1 |  1.3
Throwing       | 3 |  3.1
Armour         | 3 |  3.1
Fighting       | |  4.8
Polearms       | |  4.8
Dodging        | |  4.8
Translocations | |  5.6

Action                   |  1- 3 |  4- 6 || total
-------------------------+-------+-------++-------
Melee: Spear             |   139 |   212 ||   351
       Bite              |     8 |    21 ||    29
       Punch             |     2 |     1 ||     3
Throw: Dart              |       |     2 ||     2
       Javelin           |       |     1 ||     1
 Cast: Blink             |       |     1 ||     1
 Stab: Sleeping          |       |     5 ||     5
Armor: Leather armour    |    31 |    42 ||    73
Dodge: Dodged            |    81 |   111 ||   192
